 Dungeon Crawl Stone Soup version 0.32-a0-953-g508020473e (webtiles) character file.

Game seed: 1501816865687184513

805 wildpjah the Charlatan (level 7, -8/53 HPs)
             Began as a Gnoll Artificer on Apr 4, 2024.
             Was a Follower of Okawaru.
             Mangled by an ogre
             ... wielding a +0 giant spiked club
              (16 damage)
             ... on level 5 of the Dungeon on Apr 16, 2024.
             The game lasted 00:13:39 (3638 turns).

wildpjah the Charlatan (Gnoll Artificer)            Turns: 3638, Time: 00:13:39

Health: -8/53      AC:  7    Str: 13    XL:     7   Next: 91%
Magic:  11/11      EV:  9    Int: 10    God:    Okawaru [*.....]
Gold:   212        SH:  0    Dex: 13    Spells: 11/11 levels left

rFire   . . .        l - +2 whip (chaos)
rCold   + . .        (no shield)
rNeg    . . .        i - +0 scale mail {rC+}
rPois   .            (no helmet)
rElec   .            (no cloak)
rCorr   .            (no gloves)
SInv    .            (no boots)
Will    .....        w - amulet of the acrobat
Stlth   +            (no ring)
HPRegen 0.28/turn    (no ring)
MPRegen 0.12/turn

%: acrobat
@: no status effects
A: fangs 1, strong nose, distributed training
a: Renounce Religion, Heroism


You were on level 5 of the Dungeon.
You worshipped Okawaru.
Okawaru was aware of your devotion.
You visited 1 branch of the dungeon, and saw 5 of its levels.

You collected 212 gold pieces.

Inventory:

Hand Weapons
 l - a +2 whip of chaos (weapon)
 t - a +2 short sword of speed
 C - a +2 long sword of holy wrath
Missiles
 f - 19 poisoned darts
Armour
 b - a +0 leather armour
 i - a +0 scale mail of cold resistance (worn)
 o - a +0 scale mail
 p - a +0 plate armour
 v - the +1 robe "Lahil" {Int+2 Stlth+}
   (You found it on level 3 of the Dungeon)

   Int+2:     It affects your intelligence (+2).
   Stlth+:    It makes you more stealthy.
Jewellery
 r - an amulet of guardian spirit
 w - an amulet of the acrobat (around neck)
Wands
 c - a wand of flame (22) (quivered)
 d - a wand of charming (15)
 e - a wand of iceblast (5)
 x - a wand of mindburst (23)
Scrolls
 g - a scroll of brand weapon
 j - a scroll of teleportation
 k - a scroll of silence {unknown}
 u - a scroll of poison
 y - a scroll of revelation {unknown}
 z - a scroll of enchant weapon {unknown}
 A - 2 scrolls of identify {unknown}
 D - a scroll of amnesia {unknown}
Potions
 a - a potion of attraction {unknown}
 h - 2 potions of ambrosia {unknown}
 m - 2 potions of haste {unknown}
 n - a potion of invisibility {unknown}
 q - a potion of resistance {unknown}
 s - 2 potions of brilliance {unknown}
 B - a potion of curing {unknown}


   Skills:
 + Level 3.9 Fighting
 + Level 2.9 Short Blades
 + Level 2.9 Long Blades
 + Level 2.9 Axes
 + Level 2.9 Maces & Flails
 + Level 2.9 Polearms
 + Level 2.9 Staves
 + Level 2.9 Ranged Weapons
 + Level 2.9 Throwing
 + Level 5.4 Armour
 + Level 3.9 Dodging
 + Level 3.8 Stealth
 + Level 2.9 Shields
 + Level 2.9 Unarmed Combat
 + Level 2.9 Spellcasting
 + Level 2.3 Conjurations
 + Level 2.3 Hexes
 + Level 2.3 Summonings
 + Level 2.3 Necromancy
 + Level 2.3 Translocations
 + Level 2.3 Fire Magic
 + Level 2.3 Ice Magic
 + Level 2.3 Air Magic
 + Level 2.3 Earth Magic
 + Level 2.3 Alchemy
 + Level 3.2 Invocations
 + Level 7.2 Evocations
 + Level 2.6 Shapeshifting


You had 11 spell levels left.
You didn't know any spells.
Your spell library contained the following spells:

 Spells                   Type           Power      Damage    Failure   Level
 Blink                    Tloc           12%        N/A       54%         2
 Ensorcelled Hibernation  Hex/Ice        12%        N/A       54%         2
 Lesser Beckoning         Tloc           12%        N/A       54%         2
 Momentum Strike          Conj/Tloc      12%        3d8       54%         2
 Passwall                 Erth           6%         N/A       78%         3
 Swiftness                Air            6%         N/A       78%         3


Dungeon Overview and Level Annotations

Branches:
Dungeon (5/15)             Temple (0/1) D:4

Altars:
Nemelex Xobeh
Okawaru

Shops:
D:4 :


Innate Abilities, Weirdness & Mutations

You have very sharp teeth.
Your uncanny sense of smell can sniff out nearby items.
Your experience applies equally to all skills.


Message History

Okawaru accepts your kill.
You now have 212 gold pieces (gained 4).
You start removing your armour.
You continue removing your +0 plate armour. x4
You finish removing your +0 plate armour.
You start putting on your armour.
You continue putting on your +0 scale mail of cold resistance.
You hear the drain falling apart.
You continue putting on your +0 scale mail of cold resistance. x4
You finish putting on your +0 scale mail of cold resistance.
You feel resistant to cold.
Your +2 long sword of holy wrath softly glows with a divine radiance!
C - a +2 long sword of holy wrath (weapon)
The walls and floor vibrate strangely for a moment.
There is a stone staircase leading up here.
Items here: )) [ รท.
Found a scroll labelled OZIUTS ISHIBB.
A jackal comes into view.
An ogre comes into view. It is wielding a +0 giant spiked club.
The ogre shouts!
You hit the ogre.
The ogre is moderately wounded.
The ogre hits you with a +0 giant spiked club!!
You barely miss the ogre. Your bite misses the ogre.
The ogre is moderately wounded.
The ogre closely misses you.
You hit the ogre.
The ogre is moderately wounded.
The ogre barely misses you.
Your +2 long sword of holy wrath stops glowing.
Your +2 whip of chaos is briefly surrounded by a scintillating aura of random colours.
l - a +2 whip of chaos (weapon)
You hit the ogre but do no damage.
The ogre is moderately wounded.
The ogre hits you with a +0 giant spiked club!!
* * * LOW HITPOINT WARNING * * *
You completely miss the ogre.
The ogre is moderately wounded.
The ogre hits you with a +0 giant spiked club!
You die...

#..#######
#.#......##########
..................######
#..###.#...####........#
#..##.##.....##.#.######
#..#.###........#.#
...............##.#
#####################
............@O..#
###....#...##..#
#....#...# .# .
######....##..# # .
#?.......###.... #
#....#...# ##.... #
#....#...# ###... # #...
#..## ##. ###.####..#


You could see an ogre.

Vanquished Creatures
  A black bear (D:4)
  An ice beast (D:5)
  An ogre (D:5)
  A scorpion (D:5)
  A howler monkey (D:4)
  A bombardier beetle (D:3)
  2 jellies
  2 hounds
  Ijyb (D:3)
  2 orc wizards (D:4)
  4 gnolls (D:2)
  9 adders
  2 white imps (D:5)
  2 ufetubi (D:5)
  A dart slug (D:5)
  A ribbon worm (D:5)
  8 orcs
  5 endoplasms
  2 giant cockroaches
  8 goblins
  4 hobgoblins
  8 jackals
  2 quokkas
  5 ball pythons
  3 bats (D:2)
  3 frilled lizards
  6 kobolds
  3 rats
89 creatures vanquished.

Notes
Turn   | Place    | Note
-------+----------+-------------------------------------------
     0 | D:1      | wildpjah the Gnoll Artificer began the quest for the Orb.
     0 | D:1      | Reached XP level 1. HP: 17/17 MP: 1/1
     0 | D:1      | Upgraded the game from 0.32-a0-898-g7811c86cf0 to
                  | 0.32-a0-918-g0f22ef8d61
   197 | D:1      | Found a faded altar of an unknown god.
   212 | D:1      | Reached XP level 2. HP: 10/23 MP: 2/2
   324 | D:1      | You fall into a shaft and drop 1 floor!
   367 | D:2      | Reached XP level 3. HP: 18/28 MP: 2/4
   377 | D:2      | Reached skill level 1 in Invocations
   381 | D:2      | Reached skill level 1 in Short Blades
   381 | D:2      | Reached skill level 1 in Long Blades
   381 | D:2      | Reached skill level 1 in Axes
   381 | D:2      | Reached skill level 1 in Maces & Flails
   381 | D:2      | Reached skill level 1 in Polearms
   381 | D:2      | Reached skill level 1 in Staves
   381 | D:2      | Reached skill level 1 in Ranged Weapons
   381 | D:2      | Reached skill level 1 in Throwing
   381 | D:2      | Reached skill level 1 in Shields
   381 | D:2      | Reached skill level 1 in Unarmed Combat
   381 | D:2      | Reached skill level 1 in Spellcasting
   561 | D:2      | Reached skill level 1 in Shapeshifting
   561 | D:2      | Reached XP level 4. HP: 12/34 MP: 5/5
   962 | D:2      | Reached skill level 1 in Conjurations
   962 | D:2      | Reached skill level 1 in Hexes
   962 | D:2      | Reached skill level 1 in Summonings
   962 | D:2      | Reached skill level 1 in Necromancy
   962 | D:2      | Reached skill level 1 in Translocations
   962 | D:2      | Reached skill level 1 in Fire Magic
   962 | D:2      | Reached skill level 1 in Ice Magic
   962 | D:2      | Reached skill level 1 in Air Magic
   962 | D:2      | Reached skill level 1 in Earth Magic
   962 | D:2      | Reached skill level 1 in Alchemy
  1282 | D:3      | Reached XP level 5. HP: 38/40 MP: 5/7
  1347 | D:3      | Noticed Ijyb
  1379 | D:3      | Killed Ijyb
  1658 | D:3      | Identified the +1 robe "Lahil" {Int+2 Stlth+}
  1671 | D:3      | Upgraded the game from 0.32-a0-918-g0f22ef8d61 to
                  | 0.32-a0-953-g508020473e
  2090 | D:4      | Found Faygane's Book Shop.
  2220 | D:4      | Reached XP level 6. HP: 47/47 MP: 8/8
  2419 | D:4      | Reached skill level 5 in Armour
  2446 | D:4      | Found an iron altar of Okawaru.
  2452 | D:4      | Became a worshipper of Warmaster Okawaru
  2457 | D:4      | Noticed a black bear
  2472 | D:4      | Killed a black bear
  2611 | D:4      | Reached skill level 7 in Evocations
  2611 | D:4      | Reached XP level 7. HP: 41/52 MP: 10/10
  2664 | D:4      | Found a staircase to the Ecumenical Temple.
  2755 | D:4      | Found a sparkling altar of Nemelex Xobeh.
  2907 | D:5      | Entered Level 5 of the Dungeon
  2979 | D:5      | Reached * piety under Okawaru
  3638 | D:5      | Mangled by an ogre

Illustrated notes

Levels and vault maps discovered:
D:1:      minmay_arrival_open_corners, layout_basic,
          shapermc_ecumenical_altar_totnotflames
D:2:      layout_basic
D:3:      layout_basic, uniq_ijyb
D:4:      layout_layer_cave, nemelex_xobeh_ov_fountains_minmay,
          lemuel_round_altar, minmay_temple_entry_water_ring,
          kennysheep_windowed_goal
D:5:      minmay_recursive_quarters, layout_loops_ring, gup_sewer_entry_spiral,
          minivault_26, nicolae_the_louvre

Skill      XL: |  1  2  3  4  5  6  7 |
---------------+----------------------+-----
Invocations    | 1 2 3 |  3.2
Short Blades   | 1 2 |  2.9
Long Blades    | 1 2 |  2.9
Axes           | 1 2 |  2.9
Maces & Flails | 1 2 |  2.9
Polearms       | 1 2 |  2.9
Staves         | 1 2 |  2.9
Ranged Weapons | 1 2 |  2.9
Throwing       | 1 2 |  2.9
Shields        | 1 2 |  2.9
Unarmed Combat | 1 2 |  2.9
Spellcasting   | 1 2 |  2.9
Shapeshifting  | 1 2 |  2.6
Conjurations   | 1 2 |  2.3
Hexes          | 1 2 |  2.3
Summonings     | 1 2 |  2.3
Necromancy     | 1 2 |  2.3
Translocations | 1 2 |  2.3
Fire Magic     | 1 2 |  2.3
Ice Magic      | 1 2 |  2.3
Air Magic      | 1 2 |  2.3
Earth Magic    | 1 2 |  2.3
Alchemy        | 1 2 |  2.3
Fighting       | 3 |  3.9
Dodging        | 3 |  3.9
Stealth        | 3 |  3.8
Armour         | 5 |  5.4
Evocations     | 7 |  7.2

Action                     |  1- 3 |  4- 6 |  7- 9 || total
---------------------------+-------+-------+-------++-------
  Melee: Dagger            |    61 |       |       ||    61
         Club              |     4 |       |       ||     4
         Bite              |     7 |    12 |    12 ||    31
         Whip              |     5 |   188 |    86 ||   279
         Long sword        |       |       |     3 ||     3
  Evoke: Wand              |     8 |     2 |     3 ||    13
    Use: Scroll            |       |       |     4 ||     4
   Stab: Sleeping          |     2 |     1 |       ||     3
 Armour: Leather armour    |    54 |    26 |       ||    80
         Plate armour      |       |   147 |    92 ||   239
         Scale mail        |       |       |     3 ||     3
  Dodge: Dodged            |    49 |    70 |    24 ||   143

Table legend: (Time is in decaauts)
 A = Elapsed time spent in this place.
 B = Non-inter-level travel time spent in this place.
 C = Inter-level travel time spent in this place.
 D = Time resting spent in this place.
 E = Time spent auto-exploring this place.
 F = Levels seen in this place.
 G = Mean time per level.
                   A        B        C        D        E       F      G
               +--------+--------+--------+--------+--------+-----+--------+
         Total |   3637 |   3508 |    129 |    613 |   2034 |   5 |  727.4 |
       Dungeon |   3637 |   3508 |    129 |    613 |   2034 |   5 |  727.4 |
               +--------+--------+--------+--------+--------+-----+--------+

Top non-repeatable levels by time:
     D:4: 930 daAuts
     D:3: 830 daAuts
     D:2: 823 daAuts
     D:5: 727 daAuts
     D:1: 324 daAuts
